← All builds
Suicide front / Armada / Factory first / OBSERVED BUILD

Standard suicide front

Armada Suicide front build order · Supreme Isthmus

The role's baseline: Bot Lab at 0:21 then straight into reclaim-fed T1 bot production to contest the middle and hold until T2 arrives, with an Advanced Metal Extractor around 9:45.

#rush · 2020 distinct matches · 232 players · 71% of Armada Suicide front games · team won 59% of 2395 · Recently observed

HOW TO PLAY IT

Key timing: Bot Lab by 0:20

  1. Open with mex and lab-first to get Bot Lab up by 0:20.
  2. Expand mex and wind while lab pumps units toward middle.
  3. Push Sentry and early Rocketeer, Centurion to contest middle.
  4. Get T2 constructor out once Pond's boost lets you spare metal.
  5. Upgrade mex to Advanced Metal Extractor as you transition off T1 spam.

Phase by phase

TYPICAL OF ITS 2020 GAMES
  1. 1
  2. 2
  3. 3
PLAY THE OPENING

Follow the example game's first 6:00 step by step: what to build now, what comes next, and where it goes. At 1× it keeps pace with your own game.

  1. 1

    Bot Lab first

    Order
    1. Bot LabBot Lab done ~0:21, middle half 0:20–0:33

    Some games also: mex (44%)

  2. 2

    Bot Lab to 5:00

    Economy
    • Metal Extractor5Mex
    • Wind Turbine4Wind
    Builders
    • Construction Bot3 Con bot
    • Lazarus2 Lazarus
    Army
    • Sentry4 Sentry
    • Rocketeer16 Rocketeer
    • Tick2 Tick
    • Centurion1 Centurion
    Other
    • Radar Tower1 Radar Tower

    Some games also: pawn (37%) · con turret (34%)

    By 5:00 in all: 5 mex · 4 wind

    The example game in this phase · 23 steps
    1. Wind
    2. TickTick ×2
    3. LazarusLazarus
    4. Wind
    5. LazarusLazarus
    6. Wind
    7. Construction BotCon bot ×2
    8. SentrySentry
    9. RocketeerRocketeer ×2
    10. Mex
    11. RocketeerRocketeer ×2
    12. BeamerBeamer
    13. RocketeerRocketeer ×2
    14. Radar TowerRadar Tower
    15. Mex
    16. RocketeerRocketeer ×2
    17. Mex
    18. RocketeerRocketeer ×2
    19. Mex
    20. RocketeerRocketeer ×2
    21. Mex
    22. RocketeerRocketeer ×3
    23. BeamerBeamer
  3. 3

    5:00 to 10:00

    Economy
    • Metal Extractor1Mex
    • Wind Turbine15Wind
    Builders
    • Construction Turret2 Con turret
    • Lazarus2 Lazarus
    • Construction Bot1 Con bot
    Army
    • Sentry1 Sentry
    • Rocketeer8 Rocketeer

    Some games also: pawn (49%) · Radar Tower (46%) · tick (45%) · centurion (44%) · energy storage (43%) · eat Bot Lab (31%)

    By 10:00 in all: 6 mex · 21 wind · 1 energy storage · 2 con turret

    The example game in this phase · 94 steps
    1. BeamerBeamer
    2. Construction BotCon bot
    3. RocketeerRocketeer ×4
    4. GauntletGauntletnot finished by 15:00
    5. RocketeerRocketeer
    6. Wind
    7. Construction BotCon bot ×2
    8. Wind
    9. RocketeerRocketeer ×2
    10. Wind
    11. RocketeerRocketeer ×2
    12. Wind
    13. RocketeerRocketeer
    14. Wind
    15. RocketeerRocketeer
    16. Wind
    17. SentrySentry
    18. RocketeerRocketeer
    19. SentrySentry
    20. Wind
    21. RocketeerRocketeer
    22. Advanced Metal ExtractorT2 mexdone 9:31
    23. Wind
    24. RocketeerRocketeer
    25. Wind ×2
    26. RocketeerRocketeer
    27. Wind ×2
    28. Advanced Metal ExtractorT2 mex
    29. SentrySentry
    30. Wind ×2
    31. Radar TowerRadar Tower
    32. Wind ×2
    33. TickTick
    34. Wind
    35. Advanced Metal ExtractorT2 mex
    36. TickTick
    37. Wind
    38. TickTick ×3
    39. Shark's TeethShark's Teeth
    40. Dragon's TeethDragon's Teeth
    41. TickTick
    42. Dragon's TeethDragon's Teeth
    43. TickTick
    44. Dragon's TeethDragon's Teeth
    45. TickTick
    46. Dragon's TeethDragon's Teeth ×2
    47. TickTick ×2
    48. Radar TowerRadar Tower
    49. TickTick ×5
    50. Dragon's TeethDragon's Teeth ×7
    51. TickTick
    52. Dragon's TeethDragon's Teeth ×5
    53. TickTick
    54. Dragon's TeethDragon's Teeth ×2
    55. TickTick
    56. Con turret
    57. TickTick ×2
    58. Energy storage
    59. TickTick ×2
    60. Wind ×2
    61. TickTick
    62. Con turret
    63. Wind ×2
    64. TickTick ×3
    65. Con turret
    66. Wind ×2
    67. TickTick
    68. Wind ×2
    69. TickTick
    70. Wind
    71. TickTick
    72. Wind ×3
    73. TickTick ×2
    74. Con turret
    75. PersecutorPersecutordone 14:17
    76. TickTick
    77. Wind
    78. TickTick
    79. Wind ×3
    80. TickTick ×3
    81. Wind ×3
    82. TickTick
    83. Wind
    84. TickTick ×5
    85. Wind
    86. TickTick
    87. Fusion ReactorFusionnot finished by 15:00
    88. TickTick
    89. Wind
    90. TickTick
    91. Converter
    92. TickTick
    93. Converter ×3
    94. TickTick

Counts are medians over the build's games: half of them build more, half fewer. The example game is [Fx]Doo's (35 OS, 12/10/2026); pick another.

Team trades

IN AT LEAST 30% OF ITS GAMES

You hand over

Nothing regular.

You get

  • Tidal Generator4 Tidal from Pondfirst at 0:11 · in 68% of games
  • Advanced Construction Bot1 T2 con bot from Geo or Techfirst at 7:41 · in 57% of games

How it plays out

Typical game of this build, running totals by minute

Metal produced

010k20k
0:005:0010:0015:00

metal

Enemy metal destroyed

05k10k
0:005:0010:0015:00

metal

Own metal lost

05k10k
0:005:0010:0015:00

metal

2395 games.

Show as table
ByMetal produced: This buildEnemy metal destroyed: This buildOwn metal lost: This build
1:0023000
2:0088600
3:002007184130
4:003108643501
5:0041841352998
6:00534921831707
7:00654430512590
8:00776039353502
9:00903546904383
10:001041253145163
11:001188958585965
12:001358364066686
13:001540468757453
14:001729875038214
15:001929281099007
WHAT THE NUMBERS SAY

Standard Suicide front play wins a bit over half its games while taking the heaviest own losses of any role by 15:00.

  • + Produces 20142 metal by 15:00, highest of the front roles.
  • + First kill by 2:01 in all games, fastest contest of middle.
  • − Own metal lost hits 9178 by 15:00, more than enemy metal destroyed.
  • − Only 34% Rocketeer share shows army spread thin across many bot types.
THE EXAMPLE YOU ARE READING

[Fx]Doo

34.7 OS · 12/10/2026

Open source match ↗

6 received units · includes a constructor
293 metal received · 19326 energy received

Allied construction assistance is unknown. Timings are observations, not a promise of solo reproducibility.

Typical milestones

Bot Lab0:21Middle 50%: 0:20–0:33 · n=2387
Advanced Metal Extractor9:46Middle 50%: 8:50–10:58 · n=1732

Played most by

_X_262games of this buildPlatinumBlonde188games of this buildXad165games of this buildTrapCaT109games of this buildImmort80games of this build